Map: Prion Terraces

Players

Reynor

  • Race: Zerg Zerg
  • League: Grandmaster

Avokado - Winner!

  • Race: Terran Terran
  • League: Master

Event: DreamHack ROCCAT LotV Championship

VOD

Have the link to the VOD?

Description

Time

  • Played on: Nov. 26, 2015, 8:29 a.m.
  • Length: 12:14

All games in this series

Show
View Real Time Build Order
Export as new Build Order

Reynor Zerg 

Build Orders: Hatch First, Muta Ling Bane 

Get SALT Encoding   

  12  0:02  Drone  
  13  0:13  Overlord  
  13  0:17  Drone  
  14  0:23  Extractor  
  14  0:24  Drone  
  15  0:31  Drone  
  15  0:35  Drone  
  17  0:53  Hatchery  
  17  0:56  Drone  
  17  1:00  Drone  
  17  1:02  Extractor  
  17  1:16  Spawning Pool  
  16  1:19  Drone  
  16  1:22  Drone  
  18  1:29  Drone  
  19  1:41  Overlord  
  19  1:53  Drone  
  20  2:04  Metabolic Boost  
  20  2:05  Queen  
  20  2:06  Zergling x4  
  24  2:13  Queen  
  26  2:16  Drone  
  26  2:19  Drone  
  26  2:22  Drone  
  29  2:27  Drone  
  30  2:33  Zergling x2  
  31  2:42  Queen  
  31  2:43  Drone  
  34  2:46  Overlord  
  34  2:50  Drone  
  35  2:57  Drone  
  36  3:04  Overlord  
  36  3:11  Hatchery  
  36  3:12  Drone x2  
  37  3:21  Drone x4  
  41  3:28  Zergling x6  
  41  3:29  Drone  
  44  3:36  Zergling x2  
  44  3:39  Queen  
  44  3:40  Drone  
  48  3:44  Lair  
  48  3:49  Overlord  
  48  4:00  Extractor  
  48  4:01  Extractor  
  46  4:03  Extractor  
  46  4:07  Overlord  
  46  4:08  Drone x4  
  49  4:14  Overlord  
  49  4:17  Drone x2  
  52  4:24  Zergling x6  
  52  4:26  Queen  
  52  4:27  Drone x3  
  59  4:32  Overlord  
  59  4:37  Spore Crawler  
  58  4:41  Spore Crawler  
  57  4:46  Spire  
  57  4:48  Drone  
  57  4:50  Drone  
  59  4:52  Zergling x2  
  59  4:55  Zergling x2  
  59  4:57  Drone x2  
  62  5:00  Drone  
  62  5:02  Drone  
  62  5:03  Zergling x2  
  65  5:11  Overlord  
  65  5:19  Zergling x2  
  61  5:25  Zergling x6  
  61  5:26  Drone  
  61  5:27  Queen  
  61  5:28  Zergling x6  
  62  5:29  Zergling x4  
  62  5:32  Zergling x2  
  55  5:38  Zergling x6  
  54  5:46  Zergling x2  
  54  5:47  Zergling x6  
  55  5:51  Zergling x2  
  55  5:52  Zergling x2  
  56  6:04  Mutalisk x2  
  55  6:08  Mutalisk  
  55  6:12  Mutalisk  
  55  6:16  Mutalisk  
  51  6:19  Mutalisk  
  51  6:21  Drone  
  54  6:26  Drone x2  
  54  6:29  Drone  
  54  6:30  Drone  
  58  6:35  Drone x2  
  58  6:39  Drone  
  62  6:40  Drone  
  62  6:43  Drone  
  62  6:44  Drone  
  64  6:58  Mutalisk  
  64  6:59  Hatchery  
  65  7:04  Drone, Baneling Nest  
  63  7:16  Mutalisk x2  
  63  7:18  Overlord  
  63  7:21  Evolution Chamber  
  66  7:34  Overlord  
  66  7:36  Drone  
  67  7:37  Drone  
  67  7:39  Mutalisk x2  
  67  7:40  Mutalisk  
  67  7:42  Overlord, Zergling x2  
  75  7:46  Overlord  
  75  7:56  Mutalisk x2  
  77  8:01  Zerg Melee Weapons Level 1  
  77  8:03  Zergling x8  
  77  8:04  Evolution Chamber  
  80  8:09  Drone  
  80  8:11  Queen  
  83  8:13  Centrifical Hooks  
  83  8:15  Zergling x4  
  83  8:16  Zergling x2  
  83  8:19  Drone  
  87  8:23  Drone  
  88  8:38  Drone  
  88  8:39  Drone x5  
  88  8:40  Zergling x2  
  93  8:42  Zergling x2  
  93  8:43  Zergling x2  
  93  8:45  Zergling x2  
  95  8:49  Zergling x8  
  95  8:52  Baneling  
  95  8:53  Baneling x6  
  95  8:55  Mutalisk  
  99  9:00  Drone x2  
  103  9:03  Zerg Ground Armor Level 1  
  103  9:08  Mutalisk  
  105  9:15  Overlord  
  105  9:24  Baneling  
  105  9:25  Overlord, Baneling x4, Extractor  
  105  9:29  Drone x3  
  105  9:30  Zerg Flyer Armor Level 1  
  105  9:34  Drone x3, Mutalisk x2  
  105  9:37  Overlord  
  112  9:39  Baneling x2  
  112  9:40  Baneling  
  112  9:42  Hatchery, Overseer  
  112  9:43  Zergling x8  
  115  9:47  Pneumatized Carapace  
  115  9:51  Zergling x6  
  118  9:55  Drone x3  
  118  9:56  Spore Crawler, Extractor  
  118  9:57  Baneling x2  
  117  10:00  Spore Crawler  
  117  10:03  Zergling x6  
  114  10:07  Drone x3  
  114  10:11  Baneling x4  
  114  10:17  Zergling x10  
  114  10:18  Zergling x2  
  118  10:22  Baneling x3  
  118  10:23  Baneling  
  118  10:25  Overseer  
  118  10:29  Zergling x4  
  117  10:40  Zergling x2  
  117  10:41  Zergling x2  
  117  10:42  Zergling x16  
  107  10:44  Baneling x9  
  105  10:51  Zergling x6  
  91  11:00  Zergling x4  
  76  11:06  Mutalisk x2  
  76  11:09  Zergling x4  
  72  11:11  Zergling x4  
  63  11:19  Zergling x6  
  63  11:20  Baneling x2  
  63  11:21  Baneling x2  
  63  11:23  Zergling x10  
  71  11:25  Baneling x2  
  71  11:26  Queen  
  71  11:30  Zergling x2  
  74  11:37  Baneling x2  
  74  11:41  Zergling x4  
  76  11:47  Zergling x4  
  76  11:48  Zergling x4  
  76  11:50  Baneling x2  
  76  11:51  Baneling  
Show
View Real Time Build Order
Export as new Build Order

Avokado Terran - Winner!

Build Orders: Reaper Expand, Bio Mine, Hellion Banshee 

Get SALT Encoding   

  12  0:00  SCV  
  13  0:13  SCV  
  14  0:17  Supply Depot  
  14  0:25  SCV  
  15  0:39  SCV, Barracks  
  16  0:43  Refinery  
  16  0:51  SCV  
  17  1:03  SCV  
  18  1:15  SCV  
  19  1:27  Reaper, Orbital Command  
  20  1:38  Command Center  
  20  1:46  Supply Depot  
  20  1:52  SCV  
  21  2:00  Barracks Reactor  
  21  2:01  Refinery  
  21  2:04  SCV  
  22  2:17  SCV  
  22  2:22  Factory  
  23  2:29  SCV  
  24  2:35  Marine x2  
  26  2:41  SCV  
  27  2:52  Orbital Command  
  27  2:53  SCV, Marine x2  
  30  3:09  SCV  
  30  3:12  Starport  
  31  3:19  SCV  
  31  3:21  SCV  
  31  3:22  Barracks Tech Lab  
  31  3:25  Hellion x2  
  36  3:34  SCV x2, Supply Depot  
  38  3:46  SCV, Hellion x2  
  38  3:47  SCV  
  44  3:56  Barracks Tech Lab  
  44  3:58  Banshee, Cloaking Field  
  44  4:01  Supply Depot  
  44  4:02  SCV x2  
  49  4:07  Hellion  
  49  4:08  Hellion  
  53  4:10  Armory  
  53  4:14  SCV  
  54  4:22  SCV  
  54  4:23  Supply Depot  
  55  4:29  Supply Depot, Hellion x2  
  59  4:32  SCV  
  59  4:34  SCV  
  61  4:44  SCV  
  61  4:45  Banshee  
  65  4:46  SCV  
  65  4:47  Supply Depot, Stimpack, Marine  
  67  4:56  SCV  
  67  4:58  SCV  
  69  5:00  Command Center  
  69  5:05  Marine  
  70  5:08  SCV  
  71  5:19  Barracks  
  71  5:22  Marine  
  71  5:25  SCV  
  70  5:30  Factory Reactor  
  70  5:32  SCV  
  70  5:33  Barracks x2  
  70  5:35  Refinery  
  71  5:37  Refinery  
  68  5:48  Engineering Bay  
  68  5:50  Engineering Bay  
  68  5:52  Banshee  
  68  5:54  SCV  
  72  6:01  Marine  
  72  6:03  SCV  
  74  6:06  SCV  
  74  6:07  Barracks  
  66  6:16  SCV  
  66  6:17  Orbital Command  
  59  6:18  SCV  
  59  6:22  Supply Depot, Marine x4  
  59  6:23  Widow Mine x2  
  68  6:28  Terran Infantry Weapons Level 1  
  68  6:29  Terran Infantry Armor Level 1  
  68  6:31  SCV x2  
  70  6:36  Liberator  
  70  6:39  Supply Depot  
  70  6:42  Barracks Reactor  
  70  6:43  SCV x2  
  70  6:46  Missile Turret  
  72  6:47  Barracks Reactor, Missile Turret, Marine x2  
  77  6:57  Marine  
  77  7:00  SCV  
  79  7:02  Combat Shields  
  79  7:05  Marine x2  
  81  7:10  Widow Mine  
  81  7:11  Widow Mine  
  81  7:13  SCV x2  
  87  7:18  Barracks Reactor  
  87  7:19  Marine x2  
  89  7:24  Marauder  
  89  7:27  Marine  
  89  7:28  Marine x2  
  94  7:36  SCV x2, Medivac  
  97  7:38  Widow Mine  
  97  7:39  Widow Mine  
  97  7:41  Supply Depot  
  101  7:45  Marauder  
  101  7:46  Supply Depot  
  103  7:53  Orbital Command  
  103  7:56  Marine x7  
  110  8:04  Factory  
  110  8:05  SCV  
  111  8:06  Marauder  
  111  8:07  Widow Mine  
  111  8:08  Widow Mine  
  117  8:14  Marine  
  117  8:18  Barracks x2  
  117  8:19  Starport Reactor  
  118  8:20  Missile Turret, Barracks  
  118  8:21  Supply Depot  
  118  8:22  Supply Depot  
  118  8:24  Marine x6  
  124  8:27  Marine  
  124  8:31  Missile Turret, Marine  
  125  8:35  Supply Depot  
  125  8:36  Widow Mine x2  
  124  8:42  Marine  
  124  8:46  Marine x6  
  131  8:56  Supply Depot  
  131  9:04  Widow Mine  
  131  9:05  Marine, Widow Mine  
  131  9:07  Terran Infantry Weapons Level 2, Terran Infantry Armor Level 2  
  136  9:10  Marine x2  
  136  9:11  Missile Turret  
  136  9:13  Marine x2  
  136  9:14  Marine x2, Marauder  
  136  9:15  Factory Tech Lab  
  146  9:24  Supply Depot, Medivac x2  
  149  9:31  Barracks Tech Lab x2  
  147  9:33  Widow Mine  
  147  9:35  Command Center, Marine x2  
  147  9:37  Marine x4  
  155  9:38  Thor  
  155  9:39  Widow Mine  
  155  9:40  Drilling Claws  
  155  9:44  Supply Depot, Marauder  
  165  9:49  Marine, Marauder  
  168  9:52  Marine  
  168  9:53  Marine  
  168  9:54  Marine  
  168  9:55  Marine  
  172  10:00  Marine  
  172  10:05  Marine x2, Medivac, Widow Mine  
  179  10:08  Supply Depot, Marauder  
  181  10:19  Marine x4, Widow Mine  
  181  10:26  Widow Mine  
  181  10:27  Marine  
  181  10:29  Marine  
  181  10:30  Medivac, Marine x3  
  181  10:33  Widow Mine  
  181  10:35  Medivac  
  183  10:37  Marine x3  
  183  10:40  Marine  
  154  10:44  Marine  
  154  10:47  Widow Mine  
  154  10:48  Liberator, Marine x2  
  157  10:55  Widow Mine  
  157  10:56  Marine x2  
  150  10:57  Marine  
  150  11:00  Medivac  
  150  11:02  Widow Mine  
  141  11:04  Marine  
  141  11:06  Marine  
  141  11:09  Marine x2  
  141  11:10  Marine  
  141  11:11  Marine  
  131  11:12  Liberator  
  131  11:14  Marine x2  
  131  11:15  Marine  
  131  11:16  Widow Mine  
  124  11:22  Marine  
  124  11:23  Widow Mine  
  124  11:24  Marine  
  128  11:27  Marine  
  128  11:30  Widow Mine  
  134  11:36  Refinery x2  
  134  11:37  Marine  
  134  11:38  Marine  
  136  11:40  Missile Turret, Marine  
  136  11:41  Marine  
  136  11:42  Marine  
  136  11:44  Widow Mine, Marine x2  
  147  11:55  Barracks Reactor  

Tags
 
Add a new tag
Caveats
  • Supply blocks, unpowered buildings, or Contaminate may cause inaccurate times.
  • Supply counts are checked every 10 seconds.